Map: Curious Minds LE

Players

Pumba - Winner!

  • Race: Protoss Protoss
  • League: Platinum
  • Spawn Location: 11:00

specialed

  • Race: Zerg Zerg
  • League: Platinum
  • Spawn Location: 5:00

VOD

Have the link to the VOD?

Description

Time

  • Played on: Feb. 8, 2022, 9:01 p.m.
  • Length: 11:03
Show
View Real Time Build Order
Export as new Build Order

Pumba Protoss - Winner!

Build Orders: 1 Gate Expand, Oracle Opening 

Get SALT Encoding   

  12  0:01  Probe  
  13  0:13  Probe  
  14  0:20  Pylon  
  14  0:25  Probe  
  15  0:38  Probe (Chrono Boost), Gateway  
  16  0:45  Assimilator  
  16  0:49  Probe (Chrono Boost)  
  17  0:54  Probe (Chrono Boost)  
  18  1:05  Probe  
  19  1:17  Probe  
  20  1:26  Nexus  
  20  1:35  Cybernetics Core  
  20  1:39  Probe  
  21  1:44  Assimilator  
  21  1:52  Probe  
  22  1:57  Pylon  
  22  2:05  Probe  
  23  2:12  Adept (Chrono Boost)  
  25  2:18  Probe  
  26  2:26  Stargate  
  26  2:32  Adept (Chrono Boost)  
  28  2:41  Warp Gate  
  28  2:43  Probe (Chrono Boost)  
  30  2:45  Probe (Chrono Boost)  
  31  2:52  Probe (Chrono Boost)  
  31  2:55  Probe (Chrono Boost)  
  31  2:57  Probe  
  32  3:01  Adept  
  32  3:05  Probe  
  36  3:06  Gateway  
  36  3:09  Oracle (Chrono Boost), Probe  
  40  3:18  Probe  
  41  3:21  Probe  
  41  3:24  Pylon  
  42  3:38  Probe (Chrono Boost)  
  42  3:39  Probe (Chrono Boost)  
  44  3:43  Oracle  
  44  3:47  Stalker  
  47  3:53  Probe (Chrono Boost)  
  47  3:56  Probe (Chrono Boost)  
  47  3:59  Pylon  
  47  4:00  Probe (Chrono Boost)  
  48  4:26  Pylon  
  48  4:30  Nexus  
  45  4:33  Pylon  
  45  4:35  Probe x2  
  45  4:37  Adept  
  49  4:38  Adept  
  51  4:45  Twilight Council  
  51  4:47  Probe x2, Forge  
  51  4:48  Robotics Facility  
  53  4:59  Probe x2  
  55  5:03  Assimilator  
  55  5:07  Assimilator  
  55  5:09  Adept  
  55  5:12  Shield Battery  
  59  5:14  Probe (Chrono Boost)  
  59  5:15  Probe (Chrono Boost)  
  59  5:21  Protoss Ground Weapons Level 1  
  59  5:22  Charge  
  59  5:25  Probe (Chrono Boost)  
  59  5:27  Probe (Chrono Boost)  
  61  5:30  Probe (Chrono Boost)  
  62  5:36  Probe  
  62  5:38  Immortal  
  62  5:40  Probe  
  68  5:48  Probe  
  69  5:55  Gateway  
  69  5:57  Gateway  
  69  5:58  Gateway  
  69  6:01  Gateway  
  69  6:04  Gateway  
  69  6:05  Probe  
  69  6:06  Probe x2  
  69  6:07  Gateway  
  69  6:10  Gateway  
  72  6:13  Gateway  
  72  6:16  Pylon  
  72  6:17  Probe  
  72  6:18  Observer, Pylon  
  74  6:21  Pylon  
  74  6:25  Gateway  
  74  6:30  Zealot x2  
  79  6:36  Probe  
  79  6:59  Sentry  
  79  7:00  Stalker  
  80  7:02  Zealot x5  
  80  7:06  Warp Prism (Chrono Boost)  
  90  7:13  Zealot  
  94  7:19  Zealot  
  96  7:30  Zealot x4  
  96  7:31  Protoss Ground Weapons Level 2 (Chrono Boost)  
  96  7:34  Immortal (Chrono Boost)  
  96  7:35  Templar Archives  
  108  7:49  Pylon  
  108  7:51  Pylon  
  108  7:53  Pylon x2  
  108  7:55  Pylon  
  108  7:57  Pylon  
  108  8:09  Zealot x8  
  124  8:16  Pylon  
  124  8:17  Zealot x2, Pylon  
  124  8:18  Pylon x2  
  128  8:34  High Templar x8  
  128  8:38  Archon x4  
  144  8:41  Zealot x2  
  142  9:05  Zealot x7  
  154  9:16  Zealot x3  
  148  9:39  Zealot x8  
  148  9:40  Zealot x2  
  150  10:20  Zealot x6  
  150  10:21  Zealot x4  
Show
View Real Time Build Order
Export as new Build Order

specialed Zerg 

Build Orders: Hatch First 

Get SALT Encoding   

  12  0:01  Drone  
  13  0:12  Overlord  
  13  0:17  Drone  
  14  0:30  Drone x2  
  14  0:35  Drone  
  17  0:53  Hatchery  
  17  0:56  Drone  
  17  0:59  Drone  
  18  1:08  Drone  
  19  1:19  Drone  
  19  1:21  Spawning Pool  
  19  1:22  Extractor  
  18  1:29  Drone  
  20  1:40  Drone  
  20  1:51  Drone  
  21  2:08  Hatchery  
  20  2:10  Zergling x4  
  20  2:15  Queen x2  
  26  2:21  Overlord  
  26  2:26  Metabolic Boost  
  26  2:34  Drone x2  
  28  2:42  Drone  
  28  2:43  Drone x2  
  31  2:53  Drone x2  
  31  2:58  Drone  
  31  3:05  Zergling x4  
  34  3:14  Zergling x2  
  34  3:17  Overlord  
  35  3:23  Spore Crawler, Zergling x2  
  35  3:25  Drone  
  34  3:38  Zergling x2  
  34  3:39  Zergling x2  
  34  3:41  Overlord  
  33  3:50  Drone  
  33  3:51  Queen, Drone x2  
  38  4:02  Queen  
  40  4:03  Drone x4  
  44  4:10  Drone x2  
  39  4:24  Drone x3  
  39  4:26  Drone x4  
  42  4:33  Drone x3  
  45  4:47  Lair  
  45  4:48  Spore Crawler  
  45  4:52  Drone x3, Roach Warren  
  46  4:55  Drone  
  46  4:58  Drone  
  48  5:01  Drone x2  
  50  5:12  Extractor  
  50  5:13  Drone, Overlord  
  50  5:15  Extractor  
  50  5:18  Extractor  
  50  5:19  Drone  
  50  5:20  Drone x4, Overlord  
  53  5:26  Overlord  
  53  5:34  Evolution Chamber  
  52  5:36  Evolution Chamber  
  52  5:39  Drone  
  52  5:47  Glial Reconstitution  
  52  5:49  Roach x7  
  66  5:57  Overseer  
  66  6:01  Overseer  
  66  6:03  Roach  
  72  6:04  Roach x3  
  72  6:07  Overlord  
  74  6:15  Drone  
  74  6:16  Spore Crawler  
  74  6:19  Drone  
  74  6:20  Hydralisk Den  
  74  6:28  Baneling Nest, Drone x2  
  74  6:29  Roach  
  74  6:30  Roach  
  79  6:37  Drone x3  
  79  6:38  Spine Crawler  
  81  6:44  Roach  
  81  6:45  Roach  
  81  6:46  Overlord  
  85  6:57  Queen  
  87  7:07  Drone x2  
  87  7:08  Overlord x2  
  89  7:09  Roach x2  
  89  7:10  Roach  
  89  7:13  Zergling x2  
  89  7:14  Zergling x2  
  89  7:15  Zergling x2  
  98  7:21  Overlord  
  98  7:22  Overlord  
  98  7:40  Overlord  
  98  7:41  Roach x2  
  98  7:42  Roach x5  
  98  7:43  Baneling x4  
  112  7:44  Baneling x2  
  112  7:52  Drone x5  
  112  7:57  Centrifugal Hooks  
  117  8:07  Grooved Spines  
  117  8:08  Zerg Ground Armor Level 1, Zerg Missile Weapons Level 1  
  117  8:15  Ravager x3  
  117  8:17  Zergling x2  
  117  8:18  Zergling x14  
  128  8:22  Drone  
  128  8:23  Drone  
  130  8:32  Overlord x3  
  130  8:34  Overlord  
  118  8:56  Roach x10  
  118  8:57  Roach  
  127  9:02  Zergling x2  
  127  9:03  Zergling x8  
  125  9:14  Roach x6  
  134  9:30  Roach  
  134  9:31  Roach x6  
  134  9:37  Roach  
  99  9:47  Roach x2  
Tags
 
Add a new tag
Caveats
  • Supply blocks, unpowered buildings, or Contaminate may cause inaccurate times.
  • Supply counts are checked every 10 seconds.